AoeStats
← E-d-d-i-e91G

Lombardia

509629904Analyzed
2v2 RM · 6d ago on Sep 27, 2026· 79m 15s· 4 players
Game mode
Random Map
Map size
Medium (4 player)
Population
200
Speed
Normal
Resources
Standard
Victory
Conquest
Starting age
Dark Age
Ending age
Imperial Age
RankedLock teamsTeams togetherTeam positionsShared explorationLock speedFull tech treeHidden civsTurbo modeCheats
Victory
Defeat
🇺🇸 Turks · United States
443
+15
🇺🇸 Bohemians · United States
433
+15
🇦🇺 Goths · Australia
424
-15
🇦🇺 Huns · Australia
408
-15
E-d-d-i-e91G
23:09 Feudal Age
23:15 Feudal Age
24:53 Wheelbarrow
25:28 Man-at-Arms
26:01 Double-Bit Axe
26:52 Horse Collar
27:13 Gold Mining
29:27 Bloodlines
32:03 Stone Mining
36:07 Castle Age
38:14 Heavy Plow
41:14 Squires
41:54 Hand Cart
41:27 Town Watch
41:11 Crossbowman
47:11 Imperial Age
52:38 Thumb Ring
54:33 Marauders
57:07 Fletching
57:18 Padded Archer Armor
64:48 Husbandry
70:00 Ballistics
70:41 Chemistry
72:46 Bodkin Arrow
73:08 Leather Archer Armor
72:59 Capped Ram
76:54 Siege Ram
IAMASTROMAN9714
10:59 Feudal Age
11:03 Man-at-Arms
13:10 Double-Bit Axe
19:03 Gold Mining
19:53 Horse Collar
26:17 Scale Mail Armor
26:27 Forging
26:23 Scale Barding Armor
28:17 Bloodlines
34:05 Castle Age
35:52 Wheelbarrow
35:39 Chain Barding Armor
35:35 Chain Mail Armor
37:54 Bow Saw
41:38 Hand Cart
42:03 Iron Casting
42:45 Caravan
42:22 Long Swordsman
44:17 Heavy Plow
47:04 Fletching
47:15 Padded Archer Armor
47:34 Crossbowman
48:14 Bodkin Arrow
50:00 Leather Archer Armor
54:38 Husbandry
60:18 Anarchy
Marsha7392
13:49 Feudal Age
12:05 Loom
19:51 Wheelbarrow
19:02 Town Watch
21:08 Double-Bit Axe
21:16 Stone Mining
21:16 Gold Mining
26:38 Castle Age
29:00 Hand Cart
28:47 Town Patrol
29:08 Bow Saw
28:45 Horse Collar
30:37 Caravan
32:30 Bloodlines
32:22 Husbandry
38:52 Guard Tower
39:14 Fortified Wall
39:02 Murder Holes
39:19 Masonry
38:52 Treadmill Crane
39:41 Ballistics
39:38 Thumb Ring
42:35 Sipahi
46:54 Heated Shot
53:49 Imperial Age
52:03 Padded Archer Armor
51:53 Fletching
52:14 Forging
52:05 Scale Mail Armor
52:10 Scale Barding Armor
52:11 Heavy Plow
52:51 Gold Shaft Mining
59:39 Conscription
59:57 Hoardings
58:43 Elite Janissary
61:03 Parthian Tactics
59:58 Heavy Cavalry Archer
67:54 Heavy Camel Rider
70:54 Crossbowman
73:59 Two-Man Saw
FruliDains
12:18 Feudal Age
18:49 Double-Bit Axe
22:18 Man-at-Arms
27:31 Castle Age
26:50 Fletching
30:13 Bodkin Arrow
30:29 Forging
31:33 Crossbowman
32:53 Iron Casting
34:46 Pikeman
38:41 Wheelbarrow
43:53 Caravan
44:33 Wagenburg Tactics
44:46 Long Swordsman
47:30 Bow Saw
47:11 Horse Collar
53:44 Imperial Age
53:09 Elite Skirmisher
55:13 Halberdier
55:19 Two-Handed Swordsman
59:18 Conscription
58:34 Champion
64:37 Arbalester
64:42 Elite Hussite Wagon
68:51 Ballistics
69:38 Chemistry
68:59 Ballistics
71:52 Blast Furnace
70:53 Scale Mail Armor
70:59 Scale Barding Armor
70:55 Bracer
70:55 Padded Archer Armor
71:49 Houfnice
Connection lost

Rejoining the realm…

Still unreachable

The connection could not be restored.

Session expired

The server has moved on; the page needs a fresh start.